[Event "WYCC 2018 O18"]
[Site "Halkidiki"]
[Date "2018.10.27"]
[Round "8"]
[White "Roshka, Yevgeniy"]
[Black "Tsomaia, Nikoloz"]
[Result "1/2-1/2"]
[ECO "B07"]
[WhiteElo "2328"]
[BlackElo "2201"]
[Annotator "NA"]
[PlyCount "155"]
[EventDate "2018.10.20"]
[EventType "swiss"]
[EventCountry "GRE"]
[SourceTitle "playchess.com"]
[Source "ChessBase"]
[SourceQuality "1"]
[TimeControl "40/5400+30:1800+30"]

1. e4 d6 2. d4 Nf6 3. Nc3 Nbd7 4. f4 e5 5. Nf3 exd4 6. Qxd4 c6 7. Be3 d5 8. exd5 Bc5 9. Qd3 $14 Qe7 10. Kd2 O-O 11. Re1 Bxe3+ 12. Qxe3 Qb4 13. Kc1 cxd5 14. g3 Nb6 15. Qe7 Qa5 16. Nd4 Nc4 17. Nb3 Qa6 18. Bd3 Qd6 19. Bxc4 Qxe7 20. Rxe7 dxc4 21. Na5 b6 22. Nxc4 Be6 23. Ne5 Rfc8 24. Rd1 h6 25. Rd6 Ne8 26. Rc6 Rd8 27. f5 Bxf5 28. Rxf7 Bh7 29. Rd7 Rxd7 30. Nxd7 Rd8 31. Ne5 Bf5 32. Rc4 Nf6 33. Rf4 Be6 34. a4 Re8 35. Nb5 Bd5 36. Nd3 Re2 37. Rf2 Re7 38. b3 a6 39. Nc3 Bb7 40. Re2 Rxe2 41. Nxe2 Kf7 42. Kd2 g5 43. Nd4 Ng4 44. h3 Nf6 45. Ne5+ Ke7 46. Ke3 Bc8 47. h4 gxh4 48. gxh4 Nd5+ 49. Ke4 Bb7 50. Kf5 Ne3+ 51. Kf4 Nd5+ 52. Kg4 Ne3+ 53. Kf4 Nd5+ 54. Kg3 Kd6 55. Nd3 Bc8 56. Kf3 Bd7 57. c4 Ne7 58. Ke3 Ng6 59. Nf3 Bc6 60. h5 Ne7 61. Nd4 Be8 62. Nf4 Ke5 63. Nd3+ Kd6 64. Nf4 Ke5 65. Nde2 Nf5+ 66. Kd3 Ng7 67. Nd5 b5 68. a5 bxc4+ 69. bxc4 Ne6 70. Ng3 Nf4+ 71. Nxf4 Kxf4 72. Ne2+ Ke5 73. Nd4 Bxh5 74. Nc6+ Kf4 75. Nb4 Bf3 76. Kd4 h5 77. Nd5+ Kg3 78. Ne3 1/2-1/2

[Event "WYCC 2018 O18"]
[Site "Halkidiki"]
[Date "2018.10.27"]
[Round "8"]
[White "Szustakowski, Antoni"]
[Black "Ozates, Tuna"]
[Result "1-0"]
[ECO "D52"]
[WhiteElo "2319"]
[BlackElo "2225"]
[Annotator "NA"]
[PlyCount "99"]
[EventDate "2018.10.20"]
[EventType "swiss"]
[EventCountry "GRE"]
[SourceTitle "playchess.com"]
[Source "ChessBase"]
[SourceQuality "1"]
[TimeControl "40/5400+30:1800+30"]

1. d4 d5 2. c4 c6 3. Nc3 Nf6 4. Nf3 e6 5. Bg5 Nbd7 6. e3 Qa5 7. cxd5 Nxd5 8. Qd2 Bb4 9. Rc1 h6 10. Bh4 c5 11. Bc4 Nxc3 12. bxc3 Ba3 13. Rb1 cxd4 $14 14. exd4 Bd6 15. O-O O-O 16. Bd3 Qc7 17. Qe2 Re8 18. c4 Be7 19. Qe4 Nf6 20. Bxf6 Bxf6 21. Ne5 Bxe5 22. dxe5 g6 23. h4 Qc6 24. Qf4 h5 25. Qf6 Qd7 26. Bxg6 Qe7 27. Bxh5 Qxf6 28. exf6 b6 29. Rb3 e5 30. Rg3+ Kf8 31. Re1 Re6 32. Bf3 Rb8 33. Bd5 Rxf6 34. Rxe5 Bb7 35. Rh5 Ke7 36. Re3+ Kd6 37. Bxb7 Rxb7 38. Rd5+ Kc6 39. g3 a6 40. Rd4 Kc5 41. Ree4 Rf3 42. Rf4 Rxf4 43. Rxf4 Kd6 44. h5 Ke5 45. h6 f5 46. Rh4 Rh7 47. Kg2 Kf6 48. Kf3 Kg6 49. Kf4 Kf6 50. Rh3 1-0

[Event "WYCC 2018 O18"]
[Site "Halkidiki"]
[Date "2018.10.27"]
[Round "8"]
[White "Dobrovoljc, Vid"]
[Black "Ayats Llobera, Gerard"]
[Result "1/2-1/2"]
[ECO "C11"]
[WhiteElo "2309"]
[BlackElo "2399"]
[Annotator "NA"]
[PlyCount "81"]
[EventDate "2018.10.20"]
[EventType "swiss"]
[EventCountry "GRE"]
[SourceTitle "playchess.com"]
[Source "ChessBase"]
[SourceQuality "1"]
[TimeControl "40/5400+30:1800+30"]

1. e4 e6 2. d4 d5 3. Nc3 Nf6 4. e5 Nfd7 5. f4 c5 6. Nf3 Nc6 7. Be3 Be7 8. Qd2 O-O 9. Be2 b6 10. O-O f5 11. exf6 Nxf6 12. Bb5 Qc7 13. Bxc6 Qxc6 14. Ne5 Qc7 15. Rae1 Ba6 $11 16. Rf3 Rad8 17. Rh3 b5 18. Qd3 Qc8 19. Ng4 g6 20. Nxf6+ Bxf6 21. Ne2 b4 22. Qd2 Bxe2 23. Rxe2 Qa6 24. c3 Qxa2 25. cxb4 cxb4 26. Qxb4 Rb8 27. Qd6 Rb6 28. Qd7 Bg7 29. Bf2 Qa6 30. Rhe3 Bxd4 31. Rxe6 Qa1+ 32. Re1 Qxb2 33. Bxd4 Qxd4+ 34. Kh1 Qxf4 35. Re8 Qf7 36. Qxf7+ Kxf7 37. R8e7+ Kf6 38. Rxa7 Rfb8 39. Rf1+ Ke5 40. Re7+ Kd4 41. Rd1+ {[%emt 0:05:48] Ke5} 1/2-1/2

[Event "WYCC 2018 O18"]
[Site "Halkidiki"]
[Date "2018.10.27"]
[Round "8"]
[White "Carnicelli, Valerio"]
[Black "Goncalves, Davi Sulzbacher"]
[Result "0-1"]
[ECO "B33"]
[WhiteElo "2299"]
[BlackElo "2177"]
[Annotator "NA"]
[PlyCount "88"]
[EventDate "2018.10.20"]
[EventType "swiss"]
[EventCountry "GRE"]
[SourceTitle "playchess.com"]
[Source "ChessBase"]
[SourceQuality "1"]
[TimeControl "40/5400+30:1800+30"]

1. e4 c5 2. Nf3 Nc6 3. d4 cxd4 4. Nxd4 Nf6 5. Nc3 e5 6. Ndb5 d6 7. Bg5 a6 8. Na3 b5 9. Nd5 Be7 10. Bxf6 Bxf6 11. c3 Bg5 12. Nc2 O-O 13. a4 bxa4 14. Rxa4 a5 15. Bc4 Rb8 16. b3 Kh8 17. Nce3 g6 18. h4 Bxh4 19. g3 Bg5 20. f4 exf4 21. gxf4 Bh4+ 22. Kf1 f5 23. Ra2 fxe4 24. Rah2 g5 25. Qh5 Rb7 26. Ke2 Be6 27. Qh6 Bg8 28. Rg2 Rbf7 29. Kd1 Rf6 30. Nxf6 Rxf6 31. Qh5 Rxf4 32. Rg4 Rxg4 33. Qxg4 d5 34. Bb5 d4 35. Bxc6 dxe3+ 36. Qd7 Qxd7+ 37. Bxd7 Bxb3+ 38. Ke2 Bf2 39. Bb5 g4 40. Kf1 Bc2 41. Be2 Bd3 42. c4 g3 43. c5 Bxe2+ 44. Kxe2 g2 0-1

[Event "WYCC 2018 O18"]
[Site "Halkidiki"]
[Date "2018.10.27"]
[Round "8"]
[White "Kouskoutis, Georgios-Alexandros"]
[Black "Burovic, Rijad"]
[Result "0-1"]
[ECO "C16"]
[WhiteElo "2296"]
[BlackElo "2380"]
[Annotator "NA"]
[PlyCount "120"]
[EventDate "2018.10.20"]
[EventType "swiss"]
[EventCountry "GRE"]
[SourceTitle "playchess.com"]
[Source "ChessBase"]
[SourceQuality "1"]
[TimeControl "40/5400+30:1800+30"]

1. e4 e6 2. d4 d5 3. Nc3 Bb4 4. e5 Ne7 5. Bd2 O-O 6. a3 Bxc3 7. Bxc3 b6 $11 {[%emt 0:01:00] LiveBook: 5 Partien} 8. f4 Ba6 9. Bxa6 Nxa6 10. Qe2 Qc8 11. Nf3 c5 12. O-O-O Rb8 13. g4 b5 14. dxc5 Nxc5 15. Nd4 Nc6 16. Nxc6 Qxc6 17. Kb1 Rfc8 18. Rd4 Qb6 19. Rhd1 a5 20. Qe1 Ra8 21. b3 a4 22. b4 Ne4 23. Rxe4 dxe4 24. Qxe4 Qc7 25. Bd4 Qc4 26. Qd3 Qxd3 27. cxd3 Rd8 28. Bc5 f6 29. Kc2 g5 30. exf6 gxf4 31. Rf1 e5 32. d4 exd4 33. Kd3 Kf7 34. Rxf4 Ra6 35. g5 Re6 36. Bxd4 Re1 37. Re4 Rxe4 38. Kxe4 Ke6 39. h4 Rd5 40. Bc3 Rf5 41. Bd4 Rf1 42. h5 Kf7 43. Kd3 Rh1 44. h6 Kg6 45. Ke4 Kxg5 46. Kd5 Kg6 47. Kc6 Rh3 48. Kxb5 Rxa3 49. Kc5 Rb3 50. b5 a3 51. b6 a2 52. Kc6 Rb4 53. Be5 Re4 54. Bb2 Rc4+ 55. Kb5 Rc2 56. Bd4 Rc1 57. b7 a1=Q 58. Bxa1 Rxa1 59. Kc6 Rb1 60. Kc7 Kxh6 0-1

[Event "WYCC 2018 O18"]
[Site "Halkidiki"]
[Date "2018.10.27"]
[Round "8"]
[White "Le, Minh Hoang"]
[Black "Wang, Shixu B"]
[Result "0-1"]
[ECO "D02"]
[WhiteElo "2271"]
[BlackElo "2330"]
[Annotator "NA"]
[PlyCount "72"]
[EventDate "2018.10.20"]
[EventType "swiss"]
[EventCountry "GRE"]
[SourceTitle "playchess.com"]
[Source "ChessBase"]
[SourceQuality "1"]
[TimeControl "40/5400+30:1800+30"]

1. Nf3 d5 2. d4 Nf6 3. g3 Bf5 4. Bg2 e6 5. O-O Nbd7 6. c4 c6 7. Nc3 Be7 8. Qb3 Qb6 9. c5 Qc7 $14 10. Bf4 Qc8 11. Nh4 Be4 12. f3 Bg6 13. Nxg6 hxg6 14. Bd6 Bxd6 15. cxd6 Qb8 16. e4 dxe4 17. fxe4 Qxd6 18. Rad1 e5 19. Qxb7 O-O 20. d5 cxd5 21. Nxd5 Qc5+ 22. Kh1 Rab8 23. b4 Rxb7 24. bxc5 Nxc5 25. Nxf6+ gxf6 26. Rxf6 Rb2 27. Rc6 Ne6 28. Ra6 Rc8 29. Bh3 Ng5 30. Bg2 Rcc2 31. h4 Ne6 32. Bf1 Nd4 33. Ra3 Rf2 34. Rc1 Kg7 35. Re3 Kh6 36. g4 Nf3 0-1

[Event "WYCC 2018 O18"]
[Site "Halkidiki"]
[Date "2018.10.27"]
[Round "8"]
[White "Beukema, Jasper"]
[Black "Pobor, Danilo"]
[Result "1-0"]
[ECO "D53"]
[WhiteElo "2256"]
[BlackElo "1934"]
[Annotator "NA"]
[PlyCount "65"]
[EventDate "2018.10.20"]
[EventType "swiss"]
[EventCountry "GRE"]
[SourceTitle "playchess.com"]
[Source "ChessBase"]
[SourceQuality "1"]
[TimeControl "40/5400+30:1800+30"]

1. d4 d5 2. c4 e6 3. Nc3 Nf6 4. Bg5 Be7 5. e3 Nbd7 6. cxd5 exd5 7. Bd3 c6 8. Qc2 h6 9. Bh4 O-O 10. Nge2 Re8 11. f3 c5 12. dxc5 Nxc5 13. Bb5 Rf8 $11 14. Nd4 a6 15. Be2 Be6 16. O-O Qc7 17. b4 Ncd7 18. Nxd5 Nxd5 19. Qxc7 Nxc7 20. Bxe7 Rfe8 21. Bd6 Nd5 22. Kf2 Nc3 23. Bd3 Nf6 24. a4 Rad8 25. Bc7 Rc8 26. Ba5 Nfd5 27. b5 b6 28. Bxc3 Rxc3 29. Be4 Nxe3 30. Rfe1 Nc4 31. bxa6 Nd6 32. Bc6 Rc8 33. a7 1-0

[Event "WYCC 2018 O18"]
[Site "Halkidiki"]
[Date "2018.10.27"]
[Round "8"]
[White "Tifferet, Shaked"]
[Black "Polyakov, Fedor"]
[Result "1/2-1/2"]
[ECO "B31"]
[WhiteElo "2254"]
[BlackElo "2036"]
[Annotator "NA"]
[PlyCount "69"]
[EventDate "2018.10.20"]
[EventType "swiss"]
[EventCountry "GRE"]
[SourceTitle "playchess.com"]
[Source "ChessBase"]
[SourceQuality "1"]
[TimeControl "40/5400+30:1800+30"]

1. e4 c5 2. Nf3 Nc6 3. Bb5 g6 4. c3 Bg7 5. d4 cxd4 6. cxd4 Qb6 7. Nc3 Nxd4 8. Nd5 Nxf3+ $16 9. Qxf3 Qd6 10. O-O Nf6 11. Bf4 e5 12. Bh6 Bxh6 13. Nxf6+ Ke7 14. Nd5+ Kf8 15. Rad1 Kg7 16. Qc3 Rb8 17. f4 b6 18. Kh1 Rf8 19. fxe5 Qc5 20. Bc4 Kh8 21. b4 Qc6 22. Rf6 d6 23. b5 Qc5 24. e6 Bg7 25. e7 Rg8 26. Qd3 Be6 27. Rxe6 fxe6 28. Nf4 Rge8 29. Nxe6 Qe5 30. Nd8 Rbxd8 31. exd8=Q Rxd8 32. Rf1 Rf8 33. Rxf8+ Bxf8 34. Qf1 Bg7 35. Bd5 1/2-1/2

[Event "WYCC 2018 O18"]
[Site "Halkidiki"]
[Date "2018.10.27"]
[Round "8"]
[White "Liska, Jiri"]
[Black "Zhu, Brandon"]
[Result "1-0"]
[ECO "E63"]
[WhiteElo "2245"]
[BlackElo "1914"]
[Annotator "NA"]
[PlyCount "53"]
[EventDate "2018.10.20"]
[EventType "swiss"]
[EventCountry "GRE"]
[SourceTitle "playchess.com"]
[Source "ChessBase"]
[SourceQuality "1"]
[TimeControl "40/5400+30:1800+30"]

1. Nf3 Nf6 2. c4 g6 3. g3 Bg7 4. Bg2 O-O 5. O-O d6 6. d4 Nc6 7. Nc3 a6 8. e3 Rb8 9. Qe2 Bf5 $16 (9... b5 $11 {keeps the balance.}) 10. d5 Na7 11. e4 Bg4 12. a4 Nd7 13. h3 Bxf3 14. Bxf3 Bxc3 15. bxc3 a5 16. Bh6 Re8 17. Bg4 e5 18. Kg2 Nc5 19. h4 Nc8 20. f4 exf4 21. Rxf4 f5 22. Raf1 fxg4 23. Rf7 Kh8 24. Qf2 Nb6 25. Bg5 Nbd7 26. Bxd8 Rbxd8 27. Qf4 1-0

[Event "WYCC 2018 O18"]
[Site "Halkidiki"]
[Date "2018.10.27"]
[Round "8"]
[White "Alexakis, Dimitris"]
[Black "Pantzar, Milton"]
[Result "0-1"]
[ECO "B53"]
[WhiteElo "2186"]
[BlackElo "2326"]
[Annotator "NA"]
[PlyCount "156"]
[EventDate "2018.10.20"]
[EventType "swiss"]
[EventCountry "GRE"]
[SourceTitle "playchess.com"]
[Source "ChessBase"]
[SourceQuality "1"]
[TimeControl "40/5400+30:1800+30"]

1. e4 c5 2. Nf3 d6 3. d4 cxd4 4. Qxd4 Nc6 5. Bb5 Bd7 $11 {[%emt 0:00:47] LiveBook: 2327 Games} 6. Bxc6 Bxc6 7. Nc3 Nf6 8. Bg5 e6 9. O-O-O Be7 10. Rhe1 O-O 11. Qd2 Rc8 12. Nd4 Qc7 13. f3 Rfd8 14. g4 a6 15. h4 b5 16. Nce2 Bb7 17. Kb1 b4 18. Ng3 a5 19. Nh5 Ne8 20. Bxe7 Qxe7 21. g5 g6 22. Nf4 Nc7 23. Nd3 e5 24. Nb3 Ne6 25. Nxa5 Nd4 26. Nxb7 Qxb7 27. Qxb4 Qa6 28. c3 Rb8 29. cxd4 Rxb4 30. Nxb4 Qc4 31. a3 exd4 32. Rd3 Qc8 33. Rh1 Qc5 34. Rc1 Qb5 35. Rxd4 Qe2 36. f4 Qf2 37. Rcd1 Qxf4 38. Nc6 Re8 39. e5 Qf5+ 40. Ka1 d5 41. Rxd5 Kg7 42. Rd7 Qf3 43. Nd8 Re7 44. Ka2 Kg8 45. R7d6 Rxe5 46. Nc6 Re8 47. R1d3 Qh1 48. R3d4 Kg7 49. Nb4 Re4 50. a4 Qxh4 51. Rxe4 Qxe4 52. Rb6 Qe3 53. Rb5 Qe8 54. Ka3 h5 55. gxh6+ Kxh6 56. Rd5 f5 57. a5 f4 58. Nd3 f3 59. a6 Qe3 60. Kb4 Qb6+ 61. Kc3 f2 62. Nxf2 Qxf2 63. b4 g5 64. Rc5 Qe1+ 65. Kc4 Qe2+ 66. Kd5 Qd3+ 67. Kc6 Qxa6+ 68. Kc7 Qa7+ 69. Kc6 g4 70. b5 Qxc5+ 71. Kxc5 g3 72. b6 g2 73. b7 g1=Q+ 74. Kc6 Qg3 75. Kd7 Qb8 76. Kc6 Kg6 77. Kb6 Kf6 78. Kc6 Ke6 0-1

[Event "WYCC 2018 O18"]
[Site "Halkidiki"]
[Date "2018.10.27"]
[Round "8"]
[White "Lindbol, Aleksander"]
[Black "Ioannidis, Evgenios"]
[Result "1/2-1/2"]
[ECO "B90"]
[WhiteElo "2166"]
[BlackElo "2407"]
[Annotator "NA"]
[PlyCount "98"]
[EventDate "2018.10.20"]
[EventType "swiss"]
[EventCountry "GRE"]
[SourceTitle "playchess.com"]
[Source "ChessBase"]
[SourceQuality "1"]
[TimeControl "40/5400+30:1800+30"]

1. e4 c5 2. Nf3 d6 3. d4 cxd4 4. Nxd4 Nf6 5. Nc3 a6 6. f3 e6 7. Be3 b5 8. Qd2 Nbd7 9. O-O-O Bb7 10. g4 Nb6 11. a3 {[%emt 0:08:56] LiveBook: 38 Games} Be7 12. h4 Rc8 13. h5 $15 (13. g5 $11 Nfd7 14. h5) 13... h6 14. g5 hxg5 15. Bxg5 Nxh5 16. Bxe7 Qxe7 17. f4 d5 18. exd5 Nxd5 19. Nxd5 Bxd5 20. Nf5 exf5 21. Qxd5 Rd8 22. Qf3 Rxd1+ 23. Qxd1 Rh6 24. Rxh5 Qe3+ 25. Kb1 Rxh5 26. Qxh5 Qe1+ 27. Ka2 Qxf1 28. Qxf5 Qc4+ 29. b3 Qe6 30. Qc5 g6 31. Qd4 Ke7 32. a4 Qc6 33. Qe5+ Kd7 34. Qd4+ Kc8 35. axb5 Qxc2+ 36. Ka3 a5 37. b6 Kb7 38. Qd7+ Kxb6 39. Qxf7 Qe4 40. Qf8 Qc6 41. Qd8+ Ka6 42. Qd4 Qe6 43. Ka4 Qe8+ 44. Ka3 Qc6 45. Qe5 Kb6 46. Qb8+ Kc5 47. Qe5+ Kb6 48. Qb8+ Kc5 49. Qe5+ Kb6 1/2-1/2

[Event "WYCC 2018 O18"]
[Site "Halkidiki"]
[Date "2018.10.27"]
[Round "8"]
[White "Pedoson, Georg Aleksander"]
[Black "Szabo, Marton Mihaly"]
[Result "1-0"]
[ECO "A10"]
[WhiteElo "2162"]
[BlackElo "2307"]
[Annotator "NA"]
[PlyCount "109"]
[EventDate "2018.10.20"]
[EventType "swiss"]
[EventCountry "GRE"]
[SourceTitle "playchess.com"]
[Source "ChessBase"]
[SourceQuality "1"]
[TimeControl "40/5400+30:1800+30"]

1. c4 b6 2. Nc3 Bb7 3. d4 e6 4. e4 Bb4 5. Bd3 f5 6. f3 Qh4+ 7. g3 Qh5 8. d5 (8. exf5 $14 exf5 9. Kf1) 8... fxe4 9. fxe4 Qxd1+ 10. Kxd1 Bxc3 $15 11. bxc3 Nf6 12. Nf3 O-O 13. Rf1 exd5 14. cxd5 Re8 15. Re1 d6 16. Bf4 Nbd7 17. Kc2 Nc5 18. Nd2 h6 19. h4 Re7 20. Re3 Rae8 21. Rae1 Bc8 22. c4 Bg4 23. e5 Nxd3 24. Kxd3 Bf5+ 25. Kd4 Ng4 26. R3e2 dxe5+ 27. Bxe5 Bg6 28. Nb3 a5 29. Nc1 Rd8 30. Bf4 Red7 31. Re7 Kf8 32. R7e6 Nf6 33. Bxh6 Nxd5 34. cxd5 Rxd5+ 35. Kc3 Rc5+ 36. Kb2 Bf7 37. Bg5 Rb5+ 38. Ka3 Rd4 39. R6e4 Rd7 40. R1e3 Rd1 41. Rc3 c5 42. Rd3 Rxd3+ 43. Nxd3 Rb1 44. Ne5 Be8 45. Rf4+ Kg8 46. Be7 Kh7 47. Rf8 Re1 48. Bd6 Re3+ 49. Kb2 Re2+ 50. Kc3 Ba4 51. g4 Bc2 52. h5 g6 53. Rf7+ Kh6 54. Bf8+ Kg5 55. Be7+ 1-0

[Event "WYCC 2018 O18"]
[Site "Halkidiki"]
[Date "2018.10.27"]
[Round "8"]
[White "Dallemagne, Maximilien"]
[Black "Bratkovic, Jakob"]
[Result "1-0"]
[ECO "A46"]
[WhiteElo "2094"]
[BlackElo "2242"]
[Annotator "NA"]
[PlyCount "97"]
[EventDate "2018.10.20"]
[EventType "swiss"]
[EventCountry "GRE"]
[SourceTitle "playchess.com"]
[Source "ChessBase"]
[SourceQuality "1"]
[TimeControl "40/5400+30:1800+30"]

1. d4 Nf6 2. Nf3 e6 3. g3 b6 4. Bg2 Bb7 5. O-O c5 6. e3 Be7 7. Nc3 O-O 8. Re1 d5 9. Ne5 Nbd7 10. Nxd7 Qxd7 11. Ne2 cxd4 12. exd4 Rfc8 13. Nf4 b5 14. Bh3 Kh8 15. Nxe6 fxe6 16. Bxe6 Qc7 17. Bf4 Bd6 18. Bxc8 Rxc8 19. Bxd6 Qxd6 20. a3 Ne4 21. Kg2 Qd7 22. f3 Ng5 23. Re3 h6 24. Qe2 Rf8 25. Re1 Bc6 26. g4 h5 27. Re7 Qd6 28. Qe5 Qxe5 29. R1xe5 Nxf3 30. Rxh5+ Kg8 31. c3 a5 32. Kg3 b4 33. axb4 axb4 34. Rf5 Rxf5 35. gxf5 Nd2 36. cxb4 Nb3 37. Kf4 Nxd4 38. Ke5 Nc2 39. Kd6 Ba4 40. Ra7 Bb3 41. b5 d4 42. b6 d3 43. Kc5 Bd5 44. Rd7 Ne3 45. Rxd5 Nxd5 46. b7 d2 47. b8=Q+ Kh7 48. Qb3 Ne3 49. f6 1-0

[Event "WYCC 2018 O18"]
[Site "Halkidiki"]
[Date "2018.10.27"]
[Round "8"]
[White "Olimjonov, Sarvarbek"]
[Black "Martinez Fernandez, Adrian"]
[Result "1-0"]
[ECO "A01"]
[WhiteElo "2074"]
[BlackElo "2277"]
[Annotator "NA"]
[PlyCount "105"]
[EventDate "2018.10.20"]
[EventType "swiss"]
[EventCountry "GRE"]
[SourceTitle "playchess.com"]
[Source "ChessBase"]
[SourceQuality "1"]
[TimeControl "40/5400+30:1800+30"]

1. b3 b6 2. Bb2 Bb7 3. e3 e6 4. d4 Nf6 5. Nf3 d6 6. Bd3 Ne4 7. Nbd2 f5 $14 8. c4 Nd7 9. Qc2 Nxd2 10. Qxd2 Nf6 11. d5 exd5 12. cxd5 Bxd5 13. Bxf5 g6 14. Bh3 Bg7 15. Ng5 c6 16. O-O h6 17. e4 Bg8 18. Nf3 Bf7 19. Nd4 c5 20. Nb5 O-O 21. f3 Ne8 22. Bxg7 Kxg7 23. Rad1 d5 24. exd5 Nd6 25. Nc3 Re8 26. Rfe1 Qh4 27. Be6 Nf5 28. Nb5 Rad8 29. Bxf7 Kxf7 30. Rxe8 Rxe8 31. g4 Nd4 32. Nxd4 cxd4 33. Qf2 Qf6 34. Qxd4 Qd6 35. Rd2 Re1+ 36. Kg2 h5 37. g5 Re5 38. f4 Re1 39. h3 Qe7 40. d6 Re2+ 41. Kf3 Rxd2 42. Qxd2 Qe6 43. Kg3 Ke8 44. Qc3 Qxd6 45. Qe5+ Kd7 46. Qxd6+ Kxd6 47. f5 gxf5 48. Kf4 Ke6 49. h4 b5 50. b4 a6 51. a3 Kd5 52. Kxf5 Kd6 53. Ke4 {Kd5+} 1-0

[Event "WYCC 2018 O18"]
[Site "Halkidiki"]
[Date "2018.10.27"]
[Round "8"]
[White "Gonzalez Carrillo, Javier Omar"]
[Black "Risting, Eivind Olav"]
[Result "0-1"]
[ECO "B10"]
[WhiteElo "2031"]
[BlackElo "2299"]
[Annotator "NA"]
[PlyCount "52"]
[EventDate "2018.10.20"]
[EventType "swiss"]
[EventCountry "GRE"]
[SourceTitle "playchess.com"]
[Source "ChessBase"]
[SourceQuality "1"]
[TimeControl "40/5400+30:1800+30"]

1. e4 c6 2. Nc3 d5 3. Nf3 Nf6 4. Qe2 Bg4 5. h3 Bxf3 6. Qxf3 e6 $11 {[%emt 0:04:16] LiveBook: 3 Games} 7. d3 Nbd7 8. g3 Bb4 9. Bd2 d4 10. Nb1 Qb6 11. c3 Bc5 12. b3 a5 13. Bg2 Ne5 14. Qe2 dxc3 15. Bxc3 Bxf2+ 16. Kf1 Bd4 17. Qb2 O-O-O 18. Bxd4 Qxd4 19. Qxd4 Rxd4 20. Kf2 Rxd3 21. Re1 Rhd8 22. Na3 Nh5 23. Re3 Rxe3 24. Kxe3 Rd3+ 25. Kf2 Rd2+ 26. Kg1 Nxg3 0-1

[Event "WYCC 2018 O18"]
[Site "Halkidiki"]
[Date "2018.10.27"]
[Round "8"]
[White "Talmaci, Alexandru"]
[Black "Veleshnja, Zino"]
[Result "1/2-1/2"]
[ECO "E11"]
[WhiteElo "2009"]
[BlackElo "2155"]
[Annotator "NA"]
[PlyCount "93"]
[EventDate "2018.10.20"]
[EventType "swiss"]
[EventCountry "GRE"]
[SourceTitle "playchess.com"]
[Source "ChessBase"]
[SourceQuality "1"]
[TimeControl "40/5400+30:1800+30"]

1. d4 Nf6 2. c4 e6 3. Nf3 Bb4+ 4. Nbd2 b6 5. g3 Bb7 6. Bg2 d6 7. Qa4+ Nc6 8. d5 exd5 9. cxd5 Nxd5 10. Nd4 Qd7 11. Bxd5 Nxd4 12. Qxd7+ Kxd7 13. Bxb7 Nc2+ 14. Kd1 Nxa1 15. Bxa8 Rxa8 16. Nf3 a5 17. Bd2 Bc5 18. e3 a4 19. Kc1 Nb3+ 20. axb3 axb3 21. Kb1 Re8 22. Bc3 f6 23. Nd2 b5 24. Nxb3 Bb6 25. Kc2 c5 26. Rd1 b4 27. Be1 Kc6 28. Nd2 d5 29. Nf3 Ra8 30. Kb1 Ra4 31. b3 Ra3 32. Kb2 c4 33. bxc4 dxc4 34. Nd4+ Bxd4+ 35. exd4 c3+ 36. Kc2 Kd5 37. Kd3 Ra2 38. Rc1 f5 39. h4 g6 40. f3 h6 41. f4 h5 42. Bxc3 Ra3 43. Kd2 bxc3+ 44. Rxc3 Ra4 45. Ke3 Rxd4 46. Rd3 Rxd3+ 47. Kxd3 1/2-1/2

[Event "WYCC 2018 O18"]
[Site "Halkidiki"]
[Date "2018.10.27"]
[Round "8"]
[White "Manu David Suthandram R"]
[Black "Kandil, Adham"]
[Result "1/2-1/2"]
[ECO "A01"]
[WhiteElo "1970"]
[BlackElo "2292"]
[Annotator "NA"]
[PlyCount "72"]
[EventDate "2018.10.20"]
[EventType "swiss"]
[EventCountry "GRE"]
[SourceTitle "playchess.com"]
[Source "ChessBase"]
[SourceQuality "1"]
[TimeControl "40/5400+30:1800+30"]

1. b3 Nf6 2. Bb2 e6 3. e3 Be7 4. Nf3 c5 5. c4 O-O 6. Be2 d5 7. O-O Nc6 8. d4 cxd4 9. Nxd4 Re8 10. Bf3 Ne5 $11 11. Be2 dxc4 12. bxc4 Ned7 13. Nb5 Qb6 14. Bd4 Nc5 15. N1c3 Qa5 16. Qe1 Kf8 17. Be5 Bd7 18. Nc7 Nd3 19. Bxd3 Qxe5 20. Nxe8 Bxe8 21. f4 Qh5 22. Qe2 Bc5 23. Nd1 Qh4 24. Rf3 Bc6 25. Qf2 Qxf2+ 26. Rxf2 Rd8 27. Bc2 Ne4 28. Re2 h6 29. Bxe4 Bxe4 30. Nf2 Bd3 31. Nxd3 Rxd3 32. Kf2 Rc3 33. Rd1 Ke7 34. Kf3 b6 35. g4 a5 36. h4 g6 1/2-1/2

[Event "WYCC 2018 O18"]
[Site "Halkidiki"]
[Date "2018.10.27"]
[Round "8"]
[White "Tanide, Gabriel Masaharu"]
[Black "Ranaldi, Lucas"]
[Result "0-1"]
[ECO "B20"]
[WhiteElo "1519"]
[BlackElo "2335"]
[Annotator "NA"]
[PlyCount "62"]
[EventDate "2018.10.20"]
[EventType "swiss"]
[EventCountry "GRE"]
[SourceTitle "playchess.com"]
[Source "ChessBase"]
[SourceQuality "1"]
[TimeControl "40/5400+30:1800+30"]

1. e4 c5 2. d3 Nc6 3. Nc3 g6 4. g3 Bg7 5. Bg2 e6 6. f4 Nge7 7. Nf3 O-O 8. O-O d6 9. Ne2 Nd4 10. c3 Nxf3+ 11. Bxf3 Rb8 12. Be3 b5 13. d4 Qc7 $11 14. Rc1 Bb7 15. b4 c4 16. Qc2 f5 17. Rcd1 a5 18. a3 Ra8 19. d5 fxe4 20. Qxe4 Bxd5 21. Rxd5 exd5 22. Qe6+ Kh8 23. Nd4 Rae8 24. Nxb5 Qb8 25. a4 Nf5 26. Ba7 Qxa7+ 27. Nxa7 Rxe6 28. Bxd5 Ree8 29. Bc6 axb4 30. Nb5 bxc3 31. Rd1 c2 0-1

[Event "WYCC 2018 O18"]
[Site "Halkidiki"]
[Date "2018.10.28"]
[Round "9"]
[White "Ioannidis, Evgenios"]
[Black "Alexakis, Dimitris"]
[Result "1-0"]
[ECO "E46"]
[WhiteElo "2407"]
[BlackElo "2186"]
[Annotator "NA"]
[PlyCount "89"]
[EventDate "2018.10.20"]
[EventType "swiss"]
[EventCountry "GRE"]
[SourceTitle "playchess.com"]
[Source "ChessBase"]
[SourceQuality "1"]
[TimeControl "40/5400+30:1800+30"]

1. d4 Nf6 2. c4 e6 3. Nc3 Bb4 4. e3 O-O 5. Bd2 b6 6. Nf3 Bb7 7. Bd3 d6 8. O-O Bxc3 9. Bxc3 Ne4 10. Be1 Nd7 11. Nd2 f5 12. f3 $11 Nxd2 13. Bxd2 Qf6 14. b4 e5 15. d5 c5 16. a3 b5 17. e4 cxb4 18. axb4 fxe4 19. fxe4 Qg6 20. Rxf8+ Nxf8 21. Qc2 bxc4 22. Qxc4 Qf7 23. b5 Nd7 24. Be3 Nc5 25. Bxc5 Rc8 26. Qa4 Rxc5 27. Rf1 Qc7 28. b6 Qd8 29. Qxa7 Qc8 30. Ba6 Rc1 31. Qxb7 Rxf1+ 32. Kxf1 Qc1+ 33. Ke2 Qc2+ 34. Ke3 Qc3+ 35. Bd3 Qe1+ 36. Kf3 h5 37. Qc8+ Kh7 38. b7 Qd1+ 39. Ke3 Qg1+ 40. Kd2 Qf2+ 41. Kc1 Qe3+ 42. Kc2 Qf2+ 43. Kb3 Qd4 44. Qc4 Qb6+ 45. Qb5 1-0

[Event "WYCC 2018 O18"]
[Site "Halkidiki"]
[Date "2018.10.28"]
[Round "9"]
[White "Ayats Llobera, Gerard"]
[Black "Liska, Jiri"]
[Result "1-0"]
[ECO "B32"]
[WhiteElo "2399"]
[BlackElo "2245"]
[Annotator "NA"]
[PlyCount "83"]
[EventDate "2018.10.20"]
[EventType "swiss"]
[EventCountry "GRE"]
[SourceTitle "playchess.com"]
[Source "ChessBase"]
[SourceQuality "1"]
[TimeControl "40/5400+30:1800+30"]

1. e4 c5 2. Nf3 Nc6 3. d4 cxd4 4. Nxd4 d5 5. exd5 Qxd5 6. Be3 e6 7. Nc3 Bb4 8. Ndb5 Qe5 9. a3 Be7 10. Qd2 a6 11. f4 Qb8 $11 12. Nd4 Nf6 13. Nb3 O-O 14. Bb6 e5 15. Be2 exf4 16. O-O-O Be6 17. Nc5 Bd8 18. Nxe6 Bxb6 19. Nxf4 Qe5 20. Nd3 Qe7 21. Kb1 Be3 22. Qe1 Rfd8 23. Bf3 Nd4 24. Nb4 Nxf3 25. gxf3 Rxd1+ 26. Qxd1 Rd8 27. Qe2 Rd2 28. Qe1 Qc5 29. Nd3 Qd4 30. Qg3 h6 31. Qb8+ Kh7 32. Qxb7 Qc4 33. Qb4 Qc6 34. Re1 Bf2 35. Rf1 Qxf3 36. Qc4 Qg2 37. Nf4 Qxh2 38. Nfd5 Bh4 39. Nxf6+ Bxf6 40. Ne4 Rd7 41. Nxf6+ gxf6 42. Qe4+ 1-0